 Seeded DCSS version 0.30.1-11-g7821555f0a (webtiles) character file.

Game seed: 10574354823592160604 (custom seed)

4820 Pooter the Cleaver (level 10, -14/84 HPs)
             Began as a Minotaur Berserker on Nov 19, 2023.
             Was a Priest of Trog.
             Demolished by a two-headed ogre
             ... wielding a +0 halberd
              (22 damage)
             ... in a bailey.
             The game lasted 00:38:28 (6880 turns).

Pooter the Cleaver (Minotaur Berserker)             Turns: 6880, Time: 00:38:29

Health: -14/84     AC: 18    Str: 24    XL:     10   Next: 24%
Magic:  9/9        EV:  9    Int:  4    God:    Trog [***...]
Gold:   356        SH:  5    Dex: 12    Spells: 9/9 levels left

rFire   . . .        b - +0 shortbow
rCold   . . .        (shield currently unavailable)
rNeg    . . .        J - +1 chain mail
rPois   .            (helmet restricted)
rElec   .            (no cloak)
rCorr   .            (no gloves)
SInv    .            u - +0 pair of boots
Will    .....        k - amulet of reflection Stlth
                     y - ring of flight
HPRegen 0.34/turn    I - +4 ring of protection
MPRegen 0.11/turn

%: reflection
@: on berserk cooldown, flying, slowed, studying Stealth, very slow
A: horns 2, retaliatory headbutt
a: Renounce Religion, Berserk, Trog's Hand


You were in a bailey.
You worshipped Trog.
Trog was most pleased with you.
You visited 1 branch of the dungeon, and saw 7 of its levels.
You also visited: Sewer and Bailey.

You collected 394 gold pieces.
You spent 38 gold pieces at shops.

Inventory:

Hand Weapons
 a - a +1 war axe
   (You bought it in a shop on level 1 of the Dungeon)
 b - a +0 shortbow (weapon)
   (You took it off a centaur on level 5 of the Dungeon)
 m - a +0 sling
   (You found it on level 3 of the Dungeon)
 w - a +1 heavy mace
   (You found it on level 4 of the Dungeon)
 F - a +4 whip
   (You took it off a kobold on level 1 of the Dungeon)
 L - a +0 trident
   (You found it on level 6 of the Dungeon)
 M - a +0 morningstar
   (You found it on level 7 of the Dungeon)
Missiles
 c - 3 javelins
 Q - 86 stones
Armour
 q - +0 fire dragon scales
   (You found it on level 2 of the Dungeon)
 r - a +1 scale mail of fire resistance
   (You took it off a hobgoblin on level 2 of the Dungeon)
 u - a +0 pair of boots (worn)
   (You found it on level 3 of the Dungeon)
 J - a +1 chain mail (worn)
   (You took it off an orc on level 5 of the Dungeon)
Jewellery
 k - an amulet of reflection (around neck)
   (You found it on level 2 of the Dungeon)
 v - an amulet of faith {!P}
   (You found it on level 5 of the Dungeon)
 y - a ring of flight (left hand)
   (You found it on level 4 of the Dungeon)
 I - a +4 ring of protection (right hand)
   (You found it on level 5 of the Dungeon)
 N - a ring of positive energy
   (You found it on level 3 of the Dungeon)
 S - a ring of see invisible
   (You found it on level 1 of the Dungeon)
Wands
 f - a wand of flame (15)
   (You took it off Grinder on level 5 of the Dungeon)
 D - a wand of digging (15)
   (You found it on level 2 of the Dungeon)
Scrolls
 d - 2 scrolls of summoning
 n - 2 scrolls of noise {!r}
 t - 3 scrolls of teleportation {@r4}
 G - a scroll of magic mapping
 K - a scroll of enchant weapon
Potions
 e - 4 potions of mutation {!q}
 g - 8 potions of curing {@q1}
 h - a potion of brilliance {unknown}
 i - a potion of might {unknown}
 l - 2 potions of resistance {unknown}
 p - 2 potions of lignification {unknown}
 s - 4 potions of heal wounds {@q2}
 x - a potion of cancellation {unknown}
 A - a potion of degeneration {unknown}
 B - a potion of haste {unknown}
 C - a potion of berserk rage {unknown}
 E - 4 potions of flight
 H - a potion of attraction {unknown}


   Skills:
 + Level 6.8 Fighting
 * Level 14.0 Axes
 * Level 6.8 Ranged Weapons
 + Level 10.1 Armour
 - Level 2.1 Dodging
 + Level 4.1 Stealth


You had 9 spell levels left.
You didn't know any spells.
Your spell library was empty.

Dungeon Overview and Level Annotations

Branches:
Dungeon (7/15) Zot: 26793   Sewer (visited)          Bailey (1/1) Zot: 5426
 Temple: D:4-7

Altars:
Cheibriados
Dithmenos
Hepliaklqana
Sif Muna
Wu Jian
Zin

Shops:
D:1 (

Annotations:
D:5 1 runed translucent door, Crazy Yiuf


Innate Abilities, Weirdness & Mutations

You have a pair of horns on your head.
You reflexively headbutt those who attack you in melee.


Message History

The two-headed ogre shouts in stereo!
b - a +0 shortbow (weapon)
The two-headed ogre is engulfed in poison gas.
The two-headed ogre is poisoned.
You are too injured to fight recklessly!
You are too injured to fight recklessly!
Fire: b) +0 shortbow
Press: ? - help, Q - select action, (/) - cycle Shift-Dir - straight line, f - two-headed ogre
Aim: a two-headed ogre, wielding two +0 halberds (poison gas, lightly wounded, poisoned, 77% to hit)
You shoot an arrow.
The arrow completely misses the two-headed ogre.
The two-headed ogre is engulfed in poison gas.
The two-headed ogre looks even sicker.
The two-headed ogre is engulfed in poison gas.
The two-headed ogre looks even sicker.
The two-headed ogre barely misses you.
The two-headed ogre hits you from afar with a +0 halberd!
* * * LOW HITPOINT WARNING * * *
The spriggan is engulfed in poison gas.
The spriggan is poisoned.
The spriggan is engulfed in poison gas.
The spriggan looks even sicker.
As you read the scroll labelled XEATTO ATSOCOR, it crumbles to dust.
It is a scroll of enchant weapon.
Your +0 war axe glows red for a moment.
The two-headed ogre is engulfed in poison gas.
The two-headed ogre looks as sick as possible!
The two-headed ogre hits you from afar with a +0 halberd.
* * * LOW HITPOINT WARNING * * *
The two-headed ogre hits you from afar with a +0 halberd.
* * * LOW HITPOINT WARNING * * *
You are too injured to fight recklessly!
Fire: b) +0 shortbow
Press: ? - help, Q - select action, (/) - cycle Shift-Dir - straight line, f/p - two-headed ogre
Aim: a two-headed ogre, wielding two +0 halberds (poison gas, moderately wounded, extremely poisoned, 77% to hit)
You shoot an arrow. The arrow hits the two-headed ogre.
The two-headed ogre looks as sick as possible!
You block the two-headed ogre's attack.
The two-headed ogre hits you but does no damage.
The two-headed ogre is engulfed in poison gas.
The two-headed ogre looks as sick as possible!
The two-headed ogre hits you from afar with a +0 halberd.
* * * LOW HITPOINT WARNING * * *
The two-headed ogre closely misses you.
Fire: b) +0 shortbow
Press: ? - help, Q - select action, (/) - cycle Shift-Dir - straight line, f/p - two-headed ogre
Aim: a two-headed ogre, wielding two +0 halberds (poison gas, heavily wounded, extremely poisoned, 77% to hit)
You shoot an arrow.
The arrow hits the two-headed ogre but does no damage.
The two-headed ogre is engulfed in poison gas.
The two-headed ogre looks as sick as possible!
The two-headed ogre hits you from afar with a +0 halberd!!
You die...

#~~~~~# ##§§~~~##
##§§.....##
##○§.......##
##§§#######..##
##§°## ♣♣..##
##§°## ##..## #§☼##
##..# #☼@# #..#
#§§# #..# #§O# ♣..#
#§○# .#..# #§§♣ .
..#..#
#○i♣♣..♣♣♣♣♣..#♣..#
##§○## ..... ##..##
##☼.####)####..##
##....O)[....##


You could see a two-headed ogre (extremely poisoned) and a spriggan (very
poisoned).

Vanquished Creatures
  Pikel (D:6)
  Maggie (D:6)
  Grinder (D:5)
  Sigmund (D:4)
  2 spriggans (Bailey)
  A wyvern (D:5)
  A steam dragon (D:7)
  Eustachio (D:5)
  An acid dragon (Bailey)
  3 ice beasts
  7 ogres
  5 centaurs
  2 lemures (D:6)
  2 phantoms
  A bullfrog (D:7)
  9 scorpions
  A howler monkey (D:6)
  2 hounds
  3 jellies
  2 orc priests (D:6)
  3 iguanas
  A gnoll bouda (D:6)
  A sickly merfolk siren (Sewer)
  A sleepcap (D:4)
  3 orc wizards
  A malarious merfolk avatar (Sewer)
  7 gnolls
  3 river rats (Sewer)
  12 adders
  2 shadow imps
  5 worms
  4 dart slugs
  15 orcs
  11 ball pythons
  5 bats (D:1)
  6 endoplasms
  9 giant cockroaches
  8 goblins
  6 hobgoblins
  4 jackals (D:2)
  5 kobolds
  3 quokkas
  5 frilled lizards
  26 rats
193 creatures vanquished.

Notes
Turn   | Place    | Note
-------+----------+-------------------------------------------
     0 | D:1      | Pooter the Minotaur Berserker began the quest for the Orb.
     0 | D:1      | Reached XP level 1. HP: 19/19 MP: 0/0
    85 | D:1      | Reached skill level 4 in Axes
   136 | D:1      | Reached XP level 2. HP: 27/27 MP: 1/1
   374 | D:1      | Found Usoro's Weapon Shoppe.
   570 | D:1      | Bought a +0 war axe for 38 gold pieces
   579 | D:1      | Reached ** piety under Trog
   855 | D:2      | Reached XP level 3. HP: 33/33 MP: 2/2
  1225 | D:2      | Reached XP level 4. HP: 37/40 MP: 3/3
  1273 | D:2      | Reached skill level 5 in Axes
  1320 | D:2      | Reached skill level 12 in Axes
  1320 | D:2      | Reached XP level 5. HP: 46/46 MP: 4/4
  1646 | D:3      | Found a hazy altar of Hepliaklqana.
  2389 | D:4      | Found a snail-covered altar of Cheibriados.
  2398 | D:4      | Reached skill level 1 in Ranged Weapons
  2398 | D:4      | Reached XP level 6. HP: 53/53 MP: 5/5
  2459 | D:4      | Noticed Sigmund
  2467 | D:4      | Killed Sigmund
  2468 | D:4      | Reached XP level 7. HP: 60/60 MP: 6/6
  3326 | D:4      | Found an ornate altar of the Wu Jian Council.
  3371 | D:5      | Entered Level 5 of the Dungeon
  3373 | D:5      | Noticed Eustachio
  3390 | D:5      | Killed Eustachio
  3433 | D:5      | Noticed Grinder
  3447 | D:5      | Killed Grinder
  3448 | D:5      | Reached skill level 5 in Fighting
  3462 | D:5      | Found a shadowy altar of Dithmenos.
  3524 | D:5      | Found a shimmering blue altar of Sif Muna.
  3626 | D:5      | Reached XP level 8. HP: 68/68 MP: 7/7
  3680 | D:5      | Found a glowing drain.
  3684 | Sewer    | Entered a sewer
  3744 | Sewer    | Reached *** piety under Trog
  4256 | D:5      | Reached skill level 13 in Axes
  4472 | D:5      | Reached skill level 1 in Stealth
  4733 | D:5      | Reached XP level 9. HP: 75/75 MP: 8/8
  4862 | D:5      | Found a runed translucent door.
  4863 | D:5      | Noticed Crazy Yiuf
  5090 | D:6      | Noticed Pikel
  5105 | D:6      | Killed Pikel
  5106 | D:6      | Reached skill level 5 in Ranged Weapons
  5246 | D:6      | Found a glowing silver altar of Zin.
  5923 | D:6      | Noticed Maggie
  5936 | D:6      | Killed Maggie
  5936 | D:6      | Reached **** piety under Trog
  6169 | D:7      | Reached XP level 10. HP: 74/84 MP: 9/9
  6220 | D:7      | Reached skill level 10 in Armour
  6247 | D:7      | Found a flagged portal.
  6322 | Bailey   | Entered a bailey
  6747 | Bailey   | Reached skill level 14 in Axes
  6874 | Bailey   | Noticed a two-headed ogre
  6880 | Bailey   | Demolished by a two-headed ogre

Illustrated notes

Levels and vault maps discovered:
D:1:      doesnt_arrival_eight_statues, layout_loops_ring, serial_shops, shop
D:2:      layout_basic
D:3:      layout_loops_ring, mainiacjoe_overflow_brackets
D:4:      layout_layer_cave, nzn_wu_jian_council_hall,
          mainiacjoe_overflow_tiny_flanked, uniq_sigmund
D:5:      layout_loops_ring, kennysheep_orc_sif_temple, old_standard_altar,
          gup_sewer_entry_spiral, minmay_manual_mares, uniq_crazy_yiuf_cottage,
          uniq_eustachio, uniq_grinder
D:6:      kennysheep_spiral_hall, layout_gridville, lemuel_crystal_altar,
          uniq_pikel, uniq_maggie
D:7:      layout_gridville, elyvilon_altar_4, minmay_temple_entry_mist,
          serial_shops, shop, kennysheep_little_box, kennysheep_mini,
          enter_bailey_3
Bailey:   bailey_polearm_enchanted_keep_hellmonk, bailey

Skill      XL: |  1  2  3  4  5  6  7  8  9 10 |
---------------+-------------------------------+-----
Axes           | 4 12 13 14 | 14.0
Fighting       | 4 5 6 |  6.8
Armour         | 3 8 9 10 | 10.1
Ranged Weapons | 1 3 4 6 |  6.8
Stealth        | 1 3 4 |  4.1
Dodging        | |  2.1

Action                     |  1- 3 |  4- 6 |  7- 9 | 10-12 || total
---------------------------+-------+-------+-------+-------++-------
  Melee: Hand axe          |     5 |       |       |       ||     5
         Whip              |    28 |       |       |       ||    28
         Headbutt          |    10 |    11 |    31 |     6 ||    58
         War axe           |    39 |    71 |   218 |    49 ||   377
         Punch             |     1 |       |     1 |       ||     2
   Fire: Sling             |       |    30 |     9 |       ||    39
         Shortbow          |       |       |    95 |     8 ||   103
  Throw: Boomerang         |       |     1 |     2 |       ||     3
         Javelin           |       |       |     5 |       ||     5
         Throwing net      |       |       |     1 |       ||     1
 Invoke: Berserk           |       |     2 |     8 |     3 ||    13
         Trog's Hand       |       |     1 |     3 |     2 ||     6
  Evoke: Wand              |       |       |     2 |     5 ||     7
    Use: Scroll            |     3 |     2 |     5 |     4 ||    14
         Potion            |       |     1 |       |       ||     1
   Stab: Held in net/web   |       |       |     3 |       ||     3
 Armour: Scale mail        |    20 |    23 |    91 |     4 ||   138
         Chain mail        |       |       |       |    14 ||    14
  Dodge: Dodged            |    37 |    25 |    97 |    18 ||   177
  Block: Other             |     8 |    15 |    40 |    12 ||    75
         Reflection        |       |     1 |     2 |       ||     3
